 Dungeon Crawl Stone Soup version 0.23.2-33-g5129a83184 (webtiles) character file.

Game seed: 8981356651884788296

297 t4s4d4r the Bolt Thrower (level 6, 0/35 HPs)
             Began as a Gargoyle Hunter on July 23, 2019.
             Slain by an adder (3 damage)
             ... on level 4 of the Dungeon.
             The game lasted 00:04:26 (3336 turns).

t4s4d4r the Bolt Thrower (Gargoyle Hunter)          Turns: 3336, Time: 00:04:27

Health: 0/35       AC: 11    Str: 17    XL:     6   Next: 35%
Magic:  6/6        EV: 11    Int: 12    God:
Gold:   154        SH:  0    Dex: 10    Spells: 5/5 levels left

rFire    . . .     SeeInvis .   a - +1 hand crossbow
rCold    . . .     Gourm    .   (no shield)
rNeg     + . .     Faith    .   k - +0 ring mail (curse)
rPois    ∞         Spirit   .   (no helmet)
rElec    +         Reflect  .   (no cloak)
rCorr    .         Harm     .   o - +1 pair of gloves
MR       .....                  (no boots)
Stlth    +.........             (no amulet)
HPRegen  0.11/turn              (no ring)
MPRegen  0.10/turn              (no ring)

@: no status effects
A: negative energy resistance 1, electricity resistance, unbreathing,
petrification resistance, rot immunity, AC +4
a: no special abilities


You were on level 4 of the Dungeon.
You were not hungry.

You visited 1 branch of the dungeon, and saw 4 of its levels.

You collected 154 gold pieces.

Inventory:

Hand Weapons
 a - a +1 hand crossbow (weapon)
 b - a +2 dagger of venom
 w - a +0 flail
Missiles
 d - 13 bolts (quivered)
Armour
 k - a cursed +0 ring mail (worn)
 o - a +1 pair of gloves (worn)
Jewellery
 p - an uncursed ring of fire
Scrolls
 g - 2 scrolls of identify {unknown}
 h - 5 scrolls of teleportation {unknown}
 l - 4 scrolls of remove curse {unknown}
 n - 3 scrolls of fog {unknown}
 q - a scroll of noise {unknown}
 r - 2 scrolls of magic mapping {unknown}
 s - a scroll of amnesia {unknown}
Potions
 e - 2 potions of flight {unknown}
 i - 2 potions of resistance {unknown}
 j - 3 potions of heal wounds {unknown}
 m - a potion of brilliance {unknown}
 v - 2 potions of curing {unknown}
Comestibles
 f - 3 rations
 u - a chunk of flesh


   Skills:
 - Level 2.1 Fighting
 + Level 7.4 Crossbows
 - Level 1.5 Dodging
 - Level 1.1 Stealth


You had 5 spell levels left.
You didn't know any spells.
Your spell library was empty.

Dungeon Overview and Level Annotations

Branches:
Dungeon (4/15)
 Temple: D:4-7

Altars:
Dithmenos


Innate Abilities, Weirdness & Mutations

You are resistant to torment.
Your stone body is resilient. (AC +4)
You are immune to poison.
You resist negative energy. (rN+)
You are resistant to electric shocks. (rElec)
You can survive without breathing.
You are immune to petrification.
You are immune to rotting.


Message History

You shoot a bolt. The bolt hits the ogre.
You kill the ogre!
You have reached level 6!
Your experience leads to an increase in your attributes!
Increase (S)trength, (I)ntelligence, or (D)exterity?
You feel stronger. The adder bites you.
* * * LOW HITPOINT WARNING * * *
The orc barely misses you. The adder barely misses you.
Unknown command.
The adder closely misses you. The orc hits you but does no damage.
Things that are here:
a +0 giant club; 3 bolts; an ogre corpse The adder closely misses you.
The orc hits you but does no damage.
You see here a bolt.
Unknown command.
The iguana bites you.
* * * LOW HITPOINT WARNING * * *
The adder bites you.
You die...

#######
#!....###
##.o.....##
#()S@.....#
#(.l......#
#.........#
............#
#....#########
##.... ###..
##.


You could see an iguana, an adder and an orc.

Vanquished Creatures
  An ogre (D:4)
  An orc wizard (D:3)
  7 adders
  An ooze (D:1)
  3 worms
  6 dart slugs
  2 leopard geckos
  9 orcs
  6 giant cockroaches
  7 goblins
  5 hobgoblins
  4 jackals (D:1)
  3 quokkas
  8 bats
  8 frilled lizards
  11 kobolds
  14 rats
96 creatures vanquished.

Notes
Turn   | Place    | Note
-------+----------+-------------------------------------------
     0 | D:1      | t4s4d4r the Gargoyle Hunter began the quest for the Orb.
     0 | D:1      | Reached XP level 1. HP: 12/12 MP: 1/1
    25 | D:1      | Reached XP level 2. HP: 15/17 MP: 2/2
   355 | D:1      | Reached XP level 3. HP: 21/21 MP: 3/3
   365 | D:1      | Reached skill level 5 in Crossbows
  1140 | D:2      | Reached XP level 4. HP: 21/26 MP: 4/4
  2180 | D:2      | Reached skill level 6 in Crossbows
  2428 | D:2      | Reached XP level 5. HP: 18/30 MP: 5/5
  3166 | D:3      | Found a faded altar of an unknown god.
  3269 | D:3      | Found a shadowy altar of Dithmenos.
  3281 | D:3      | Reached skill level 7 in Crossbows
  3308 | D:4      | Noticed an ogre
  3333 | D:4      | Killed an ogre
  3333 | D:4      | Reached XP level 6. HP: 7/35 MP: 6/6
  3336 | D:4      | Slain by an adder

Skill      XL: |  1  2  3  4  5 |
---------------+----------------+-----
Crossbows      | 5 6 7 |  7.4
Fighting       | |  2.1
Dodging        | |  1.5
Stealth        | |  1.1

Action                   |  1- 3 |  4- 6 || total
-------------------------+-------+-------++-------
Melee: Short sword       |    46 |   172 ||   218
       Dagger            |    81 |    53 ||   134
 Fire: Hand crossbow     |     6 |    15 ||    21
 Stab: Sleeping          |     1 |       ||     1
  Eat: Chunk             |     1 |     7 ||     8
Armor: Leather armour    |    63 |    93 ||   156
       Ring mail         |       |    38 ||    38
       Skin              |       |     1 ||     1
Dodge: Dodged            |    93 |   177 ||   270
